[Event "Israeli Championship 2022"]
[Site "Yosiah Arad"]
[Date "2022.12.09"]
[Round "5.3"]
[White "Yaniv, Yuval"]
[Black "Kochavi, Ori"]
[Result "0-1"]
[ECO "B12"]
[WhiteElo "2343"]
[BlackElo "2326"]
[Annotator "TA"]
[PlyCount "96"]
[EventDate "2022.12.05"]
[EventType "swiss"]
[EventCountry "ISR"]
[SourceTitle "playchess.com"]
[Source "ChessBase"]
[SourceQuality "1"]
[TimeControl "40/5400+30:1800+30"]

1. e4 c6 2. d4 d5 3. e5 Bf5 4. h4 a6 5. a3 {[%emt 0:00:53] [#]} c5 $146 ({Predecessor:} 5... h5 6. c4 e6 7. Nc3 Ne7 8. Nge2 dxc4 9. Ng3 b5 10. Nxh5 Nd7 11. Ng3 Nb6 12. Bg5 {1-0 (35) Hong,A (2504)-Liang,A (2613) Chess.com INT 2022}) 6. dxc5 {[%emt 0:00:55] B12: Caro-Kann: Advance Variation.} Nc6 7. Nf3 Bg4 8. Be2 {[%emt 0:09:28] White is slightly better.} (8. Nc3 e6 $11) 8... e6 9. b4 a5 10. c3 (10. Bg5 $14 f6 11. exf6 gxf6 12. b5 Bxf3 13. bxc6 bxc6 14. Bxf3 fxg5 15. Nc3 (15. Qd4 Qf6 $11)) 10... Bxf3 $15 11. gxf3 Nge7 {[%emt 0:00:32] With the idea ...axb4.} 12. b5 $2 {[%emt 0:14:27] Loses the game.} (12. Nd2 $11) 12... Nxe5 $19 13. Qa4 Nf5 14. c6 bxc6 15. bxc6 Qc7 16. Nd2 Bd6 ({Stronger than} 16... Nxc6 17. Bb5 Rc8 18. Nb3 $17) (16... Qxc6 $2 17. Bb5 Rc8 18. Bxc6+ $18) 17. Rb1 O-O ({Don't do} 17... Qxc6 18. Bb5 $18) 18. Rb7 Qxc6 19. Qxc6 Nxc6 {[%emt 0:00:03] Pair of Knights!} 20. Bd3 Nce7 21. a4 Rfc8 22. Bb2 Be5 23. Nb3 Bxc3+ 24. Bxc3 Rxc3 25. Kd2 Rcc8 26. Rb5 $2 (26. h5 {might work better.}) 26... Nd6 27. Rc5 Rxc5 28. Nxc5 Rc8 29. Nb3 Nc4+ 30. Ke2 Nb2 31. Bb5 Rc2+ 32. Kf1 Ng6 {[%emt 0:03:10] And now ...Nf4 would win.} 33. Nxa5 $2 (33. Kg2) 33... Nf4 34. Kg1 {[%emt 0:00:12] [#]} Nxa4 $1 35. Bxa4 Ra2 36. Kh2 Rxa4 {[%emt 0:00:04][%mdl 4096] Endgame KRN-KRN} 37. Rb1 g6 (37... Rxa5 $2 38. Rb8#) 38. Nc6 Nd3 39. Kg3 Rc4 40. Na5 Rc3 41. Nb3 {[%emt 0:32:16] [#]} Ne1 $1 42. Nd4 Nc2 43. Ne2 ({But not} 43. Rc1 $2 Nxd4 44. Rf1 Nxf3 $19) 43... Rc4 44. Nf4 Nd4 {[%emt 0:00:12] ...Nf5+ is the strong threat.} 45. h5 (45. Nd3 $142) 45... Nf5+ 46. Kg4 Kg7 47. Rb7 e5 48. Kg5 h6+ {[%emt 0:00:04] Weighted Error Value: White=0.55/Black=0.17 (very precise)} (48... Rxf4 $142 49. h6+ Nxh6 50. Rd7 Rxf3 51. Kh4 Rb3 52. Rd6 Nf5+ 53. Kg5 h6+ 54. Kg4 h5+ 55. Kg5 Nxd6 56. f3 Nf5 57. f4 Rg3#) 0-1

[Event "Israeli Championship 2022"]
[Site "Yosiah Arad"]
[Date "2022.12.09"]
[Round "5.4"]
[White "Kobo, Ori"]
[Black "Dvoirys, Semen I."]
[Result "1-0"]
[ECO "A30"]
[WhiteElo "2554"]
[BlackElo "2461"]
[Annotator "TA"]
[PlyCount "85"]
[EventDate "2022.12.05"]
[EventType "swiss"]
[EventCountry "ISR"]
[SourceTitle "playchess.com"]
[Source "ChessBase"]
[SourceQuality "1"]
[TimeControl "40/5400+30:1800+30"]

1. Nf3 c5 2. c4 Nf6 3. Nc3 e6 4. g3 b6 5. Bg2 Bb7 6. O-O Be7 7. Re1 d6 8. e4 a6 9. d4 cxd4 10. Nxd4 Qc7 11. Be3 O-O 12. Rc1 Nbd7 13. f4 Rac8 14. g4 (14. f5 $5 ) 14... g6 {[%emt 0:13:43] A30: Symmetrical English: Double Fianchetto and Hedgehog.} (14... Qxc4 $2 15. g5 $18) 15. g5 Nh5 16. f5 exf5 {[%emt 0:00:24] White is better.} 17. Nxf5 {[%emt 0:05:48][%mdl 64] [#]} Rce8 $146 (17... Ne5 $14) ({Predecessor:} 17... Ne5 18. Nd5 Bxd5 19. cxd5 Qd7 20. Rxc8 Rxc8 21. Bh3 Kf8 22. Kg2 Rc4 23. b3 Rc3 {½-½ (83) Mekhitarian,K (2554)-Gabdrakhmanov,A (2328) Chess.com INT 2020}) 18. Nd5 $16 Bxd5 19. cxd5 Qd8 20. h4 {[%emt 0:02:46] White has more active pieces.} Ne5 21. Rf1 b5 22. Bh3 $1 {[%emt 0:05:43][%cal Oc1c8] Black must now prevent Rc8!} Ng7 (22... gxf5 23. Qxh5 fxe4 24. Bf5 $18) (22... Kh8 $16 {keeps fighting.} 23. Kg2 Qb8) 23. Nh6+ $1 $18 Kh8 24. Rc8 {[%emt 0:00:37] Inhibits f6.} Qa5 25. Rxe8 Nxe8 26. Bd4 f6 27. Be6 {[%emt 0:07:20] This pair of bishops is nice.} Qxa2 28. h5 $2 (28. b3 $1 $18) 28... Qc4 $2 ({Black should play} 28... Ng7 $1 $14 29. Nf7+ Rxf7 30. Bxf7 Nxh5) 29. b3 Qc7 30. Qe2 $2 (30. hxg6 $1 $18 {is the precise move to win.} hxg6 31. Ng4 fxg5 32. Rxf8+ Bxf8 33. Qd2) 30... Ng7 $16 {[%emt 0:01:40] [#]} 31. hxg6 hxg6 {[%emt 0:00:33] [#]} (31... Nxe6 32. dxe6 Qc8 33. Qh5 Qxe6 34. Bxe5 hxg6 {[#]} 35. gxf6 $1 (35. Qxg6 Qxe5 36. Nf5 fxg5 $11) 35... Rxf6 36. Qxg6 (36. Nf7+ Kg8 $18) 36... dxe5 37. Rxf6 Bxf6 38. Nf7+ $18) 32. Nf7+ $1 Nxf7 33. gxf6 (33. Bxf6 $2 Bxf6 34. gxf6 Nh5 $19) 33... Ne5 $1 34. Bxe5 ({Much weaker is} 34. fxg7+ Kxg7 35. Rxf8 Kxf8 $11) (34. fxe7 $14 Rxf1+ 35. Kxf1 (35. Qxf1 Qxe7 36. Qf4 Kh7 $11) 35... Qxe7 36. Qh2+ Nh5 37. Bxe5+ dxe5 38. Qxe5+ Qg7 39. Qxg7+ Kxg7 40. d6) 34... dxe5 $11 35. fxe7 $40 {[%emt 0:00:22][%mdl 128] Black needs to defend precisely.} ({Reject} 35. fxg7+ Kxg7 36. Rxf8 Bxf8 $17) 35... Qc5+ 36. Rf2 {[%emt 0:00:54] Chess con chili.} Re8 (36... Qxe7 $11 {and Black stays safe.} 37. Rxf8+ Qxf8) 37. Bf7 $1 {[%emt 0:00:28][%csl LRe8,LRg6] Intending Qd2 and mate.} Qc1+ (37... Rxe7 $142 38. Bxg6 Qc1+ 39. Qf1 Qxf1+ 40. Kxf1 Kg8) 38. Qf1 $18 Qg5+ 39. Qg2 (39. Rg2 $142 Qxe7 40. Rxg6 Qc5+ 41. Kh2 Nh5 42. Rh6+ Kg7 43. Rg6+ Kh8 44. Rh6+ Kg7 45. Rxh5) 39... Qc1+ 40. Qf1 (40. Kh2 $18 Qh6+ 41. Qh3 Qxh3+ 42. Kxh3 Rxe7 43. Bxg6) 40... Qg5+ 41. Rg2 {[%emt 0:03:42] White mates.} Qe3+ 42. Kh1 Rxe7 43. Rh2+ {[%emt 0:00:27] Weighted Error Value: White=0.57/Black=0.75} 1-0

[Event "Israeli Championship 2022"]
[Site "Yosiah Arad"]
[Date "2022.12.09"]
[Round "5.5"]
[White "Sokolovsky, Yahli"]
[Black "Erenberg, Ariel"]
[Result "1/2-1/2"]
[ECO "C93"]
[WhiteElo "2414"]
[BlackElo "2514"]
[Annotator "TA"]
[PlyCount "135"]
[EventDate "2022.12.05"]
[EventType "swiss"]
[EventCountry "ISR"]
[SourceTitle "playchess.com"]
[Source "ChessBase"]
[SourceQuality "1"]
[TimeControl "40/5400+30:1800+30"]

1. e4 e5 2. Nf3 Nc6 3. Bb5 a6 4. Ba4 Nf6 5. O-O Be7 6. Re1 b5 7. Bb3 d6 8. c3 O-O 9. h3 Bb7 10. d4 Re8 11. Ng5 Rf8 12. Nf3 h6 13. Nbd2 Re8 14. Nf1 Bf8 15. Ng3 Na5 16. Bc2 Nc4 17. a4 Nb6 {[%emt 0:18:14] C93: Closed Ruy Lopez: Smyslov Variation.} 18. a5 Nbd7 19. b3 g6 {[%emt 0:01:00] White is slightly better.} 20. d5 c6 21. c4 bxc4 22. bxc4 Nc5 23. Be3 {[%emt 0:02:13] [#]} Nfd7 $146 ({Predecessor:} 23... Qc7 24. Qd2 Kh7 {½-½ (22) Lengyel,B (2267)-Szalanczy,E (2280) Budapest 2010}) 24. Qd2 h5 25. Ra3 Rb8 {[%emt 0:01:48] [#]} (25... Be7 $16) 26. Bg5 (26. Nh4 $1 $18 ) 26... Be7 $14 27. Bh6 {[%emt 0:03:55][%cal Og3h5] Threatens to win with Nxh5!} Ba8 {[%emt 0:02:01] [#]} 28. Ng5 (28. Nxh5 $1 $14 gxh5 29. Nd4) 28... Bf8 (28... Rb2 $11) 29. Bxf8 $1 $16 Nxf8 {[%emt 0:01:20] [#]} (29... Rxf8 $14 {deserves consideration.} 30. Nxh5 gxh5) 30. Nxf7 $1 Kxf7 $14 31. Qh6 Kg8 $1 32. Nxh5 $1 Qe7 {[%emt 0:03:02] [#] Prevents Qg7+.} (32... Rb7 $11 {keeps the balance.} 33. Rg3 (33. dxc6 $2 Rh7 $19) 33... Rh7 34. Rxg6+ Nxg6 35. Qxg6+ Kh8) 33. Ba4 Rec8 {[%emt 0:09:27] [#]} (33... gxh5 34. Rg3+ (34. dxc6 $2 Nfe6 $19) (34. dxc6 $2 Nfe6 $19)) (33... Nxa4 $2 34. Rf3 $1 $18) (33... Rbc8 $11) 34. Rg3 $1 $18 {[%emt 0:01:37][%mdl 1088] White has strong compensation. Really sharp!} Ncd7 (34... Nxa4 $2 35. Rf3 $18) 35. Ree3 $1 {[%emt 0:00:31] White is much more active.} Qh7 36. Qg5 Rb1+ 37. Kh2 Rb4 $2 (37... Rbb8 38. Ref3 Kh8) 38. Bd1 {[%emt 0:01:35] Hoping for Bg4.} cxd5 (38... Rxc4 39. dxc6 R4xc6 40. Ba4 $16) 39. Bg4 d4 (39... dxc4 $2 40. Bxd7 Nxd7 41. Nf6+ Nxf6 42. Qxf6) (39... Kh8 $142 40. Nf6 Nxf6 41. Qxf6+ (41. Bxc8 Nxe4 42. Qd8 Nxg3 $18) 41... Qg7 42. Qh4+ Qh7 43. Qxh7+ Kxh7) 40. Bxd7 Nxd7 41. Nf6+ Nxf6 42. Qxf6 dxe3 43. Rxg6+ Qxg6 44. Qxg6+ Kf8 45. Qxd6+ (45. fxe3 Ke7 $11) 45... Ke8 46. Qxe5+ (46. Qxb4 exf2 47. Qa4+ Rc6 $11) 46... Kd8 47. Qd6+ ({Weaker is} 47. fxe3 Rbxc4 48. Qd6+ Ke8 $14) 47... Ke8 48. Qxb4 exf2 {[%emt 0:00:05][%mdl 4096] Endgame KQ-KRB} 49. Qb1 Ke7 50. Kg3 Rf8 51. Qb4+ Ke8 52. Qb8+ Kf7 {[%emt 0:04:50] [#]} 53. Qa7+ (53. Qf4+ Kg7 54. Qg5+ Kh8 55. Qh6+ Kg8) (53. Qxf8+ $142 $3 Kxf8 54. Kxf2) 53... Ke6 (53... Kg8 {[#]} 54. Qxf2 $1 (54. Qxa6 f1=Q $11) 54... Rxf2 55. Kxf2 Bxe4 56. g4) 54. Qxa6+ Ke5 55. Qb5+ Kxe4 56. Qb1+ Ke3 (56... Kd4 $142 57. Qb2+ Kxc4 58. Qe2+ Kd4 59. Qd2+ Kc4 60. Qe2+ Kd4 61. Qd2+ Kc5 62. Qc3+ Kd5 63. Qd3+ Ke5 64. Qe2+ (64. Qb5+ Bd5 $16) 64... Kd6 65. Qd3+ Ke6 66. Qa6+ Ke7 67. Qe2+ Kd6 68. Qd3+ Ke6) 57. Qb6+ ({Less strong is} 57. Qc1+ Ke4 58. Qc2+ Ke3 59. Qc1+ Ke4 $16) 57... Ke2 58. Qb2+ Kf1 59. Qa1+ Ke2 60. Qb2+ Kf1 $1 61. Kh2 {[%emt 0:00:28] Strongly threatening Qd2.} Rg8 62. g4 {[%emt 0:00:16] Intending Qd2 and mate.} Re8 63. Qb5 $2 (63. c5 $18 {Black must now prevent Qd2.} Bd5 64. a6) 63... Re3 $11 {[%emt 0:00:45] The position is equal.} 64. c5+ Ke1 65. Qb1+ Ke2 66. Qc2+ Ke1 67. Qc1+ Ke2 68. Qc2+ {[%emt 0:00:40] Weighted Error Value: White=0.15 (very precise) /Black=0.45} 1/2-1/2

[Event "Israeli Championship 2022"]
[Site "Yosiah Arad"]
[Date "2022.12.09"]
[Round "5.6"]
[White "Mikhalevski, Victor"]
[Black "Rozen, Eytan"]
[Result "1/2-1/2"]
[ECO "D78"]
[WhiteElo "2517"]
[BlackElo "2459"]
[Annotator "TA"]
[PlyCount "75"]
[EventDate "2022.12.05"]
[EventType "swiss"]
[EventCountry "ISR"]
[SourceTitle "playchess.com"]
[Source "ChessBase"]
[SourceQuality "1"]
[TimeControl "40/5400+30:1800+30"]

1. Nf3 d5 2. g3 g6 3. Bg2 Bg7 4. O-O Nf6 5. c4 c6 6. b3 Ne4 7. d4 O-O 8. Bb2 Nd7 9. Nbd2 (9. a4 a5 10. cxd5 cxd5 11. Na3 b6 12. Nb5 Ba6 13. Qd3 Rc8 14. Rfc1 e6 15. Qd1 Rxc1 16. Rxc1 Qb8 17. Nc7 Bb7 18. Bh3 Ndc5 19. Nb5 {½-½ (45) Mikhalevski,V (2552)-Rozen,E (2399) Jerusalem 2021}) 9... Ndf6 10. Ne5 Qa5 {[%emt 0:01:44] D78: Fianchetto Grünfeld: 6 0-0 c6.} 11. Nxe4 Nxe4 12. Qc2 (12. Qc1 {looks sharper.} Be6 13. Rd1 Rac8 14. Nd3) 12... Nf6 {[%emt 0:18:17] [#] White is slightly better.} 13. e3 $146 ({Predecessor:} 13. Bc3 Qb6 14. e3 Bf5 15. Qe2 h5 16. Bb2 a5 17. Ba3 Rfe8 18. cxd5 cxd5 19. Rfc1 {½-½ (51) Huebner,R (2605)-Van Wely,L (2560) Garmisch Partenkirchen 1994}) 13... Be6 14. Rfc1 Rac8 15. a4 Rfd8 16. Qe2 Nd7 17. Nd3 {[%emt 0:01:07] White is more active.} Bf5 18. Bc3 Bxd3 19. Qxd3 Qa6 20. Qb1 e5 21. Bf1 {[%emt 0:09:21] [#] c5 is the strong threat.} (21. dxe5 {feels hotter.} Nxe5 22. cxd5 cxd5 23. Bd4) 21... Qb6 22. a5 (22. c5 $5 Qc7 $8 23. Qd3 $11) 22... Qc7 23. a6 {[%emt 0:00:34] Hoping for axb7.} exd4 24. Bxd4 Bxd4 25. exd4 {[%emt 0:00:11] [#] Strongly threatening cxd5.} dxc4 26. axb7 Qxb7 27. bxc4 Qxb1 28. Rcxb1 Rc7 {[%emt 0:00:33] The position is equal.} 29. Ra6 Nf8 30. Rd1 Ne6 31. d5 cxd5 32. cxd5 Nc5 {[%emt 0:01:39] Prevents d6.} 33. Rc6 Rxc6 34. dxc6 Rc8 (34... Rxd1 $2 35. c7 Kg7 36. c8=Q $18 (36. c8=B $2 {perishes.} a5 $19)) 35. Bg2 Ne6 36. Rd7 Rc7 37. Rd2 Kf8 38. f4 {[%emt 0:03:11] Weighted Error Value: White=0.07 (flawless) /Black=0.05 (flawless)} 1/2-1/2

[Event "Israeli Championship 2022"]
[Site "Yosiah Arad"]
[Date "2022.12.09"]
[Round "5.7"]
[White "Postny, Evgeny"]
[Black "Levin, Guy"]
[Result "1/2-1/2"]
[ECO "D26"]
[WhiteElo "2588"]
[BlackElo "2382"]
[Annotator "TA"]
[PlyCount "105"]
[EventDate "2022.12.05"]
[EventType "swiss"]
[EventCountry "ISR"]
[SourceTitle "playchess.com"]
[Source "ChessBase"]
[SourceQuality "1"]
[TimeControl "40/5400+30:1800+30"]

1. c4 e6 2. d4 d5 3. Nf3 Nf6 4. e3 dxc4 5. Bxc4 a6 6. O-O b5 7. Be2 $1 {[%emt 0:00:46][%mdl 4] is now more promising than 7.Bd3.} Bb7 {[%emt 0:00:08] D26: Queen's Gambit Accepted: 4 e3 e6 5 Bxc5 c5 sidelines.} 8. a4 b4 9. b3 Be7 {[%emt 0:00:11] White has an edge.} 10. Bb2 Nbd7 11. Nbd2 O-O 12. Nc4 c5 13. Nfe5 cxd4 (13... Rc8 {keeps more tension.} 14. Bf3 Bd5 15. Rc1 Qc7) 14. Bxd4 Nxe5 15. Nxe5 (15. Bxe5 {simplifies} Nd7 16. Bd4 Bf6 17. Bxf6 Nxf6 18. Qxd8 Rfxd8 19. Rfd1) 15... Rc8 16. Rc1 Nd5 17. Bf3 Bf6 18. Qd3 Qe7 {[%emt 0:09:04][%cal Od5c3] [#]} 19. Bxd5 $146 ({Predecessor:} 19. Rfd1 Rfd8 20. Rxc8 Rxc8 21. Nc4 Bxd4 22. Qxd4 Nc3 23. Qd6 Qxd6 24. Rxd6 Nd5 25. h3 {1-0 (58) Osmak,I (2438)-Balajayeva,K (2376) Tornelo INT 2020}) 19... Bxd5 20. Qxa6 Rxc1 21. Rxc1 Bxe5 $1 22. Bxe5 Qg5 23. Bg3 h5 24. h4 $1 Qg6 (24... Qg4 $1 $14) 25. Qb6 $36 {[%emt 0:00:38][%mdl 2048] White is in control.} Qe4 26. f3 Qd3 27. Be1 (27. Qxb4 $2 Qxe3+ 28. Kh2 Qxc1 $19) 27... Kh7 (27... Bxb3 $16 {was called for.} 28. Bxb4 Re8) 28. e4 ({Don't play} 28. Bxb4 $6 Rb8 29. Qxb8 Qxe3+ 30. Kh2 Qxc1 $16) 28... Bxb3 29. Bxb4 Rd8 30. a5 Rd4 31. Kh2 $1 {[%emt 0:06:00] Black must now prevent Rc3.} Qe3 {[%emt 0:00:54] [#]} (31... Rc4 $142 32. Rxc4 Bxc4) 32. Bd6 (32. Re1 $1 $18 Qf2 33. a6 Qxh4+ 34. Kg1) 32... Qxc1 33. Qxd4 {[%emt 0:00:04][%mdl 4096] Endgame a6 is the strong threat. KQB-KQB} Qe1 34. Qb4 Qxh4+ 35. Kg1 Ba4 36. a6 ({Much weaker is} 36. Qxa4 $6 Qe1+ 37. Kh2 Qh4+ 38. Kg1 Qe1+ 39. Kh2 Qh4+ 40. Kg1 $11) 36... Bc6 37. a7 f5 38. Qc3 (38. exf5 $16 Qxb4 39. Bxb4 exf5 40. f4) 38... Ba8 $2 (38... fxe4 $1 $11 {and Black stays safe.} 39. f4 (39. Qxc6 Qe1+ 40. Kh2 Qh4+ 41. Kg1 Qe1+ 42. Kh2 Qh4+ 43. Kg1 $11) 39... Bd5) 39. exf5 $18 exf5 {[%emt 0:00:16] [#]} 40. Be5 (40. Qe3 $1 $18 {and White stays clearly on top.}) 40... Qe7 $16 41. Qd4 Qg5 42. Kf2 Qe7 43. Kg3 Qg5+ (43... g5 $142 44. Bd6 Qe1+ 45. Kh2 Qh4+ 46. Qxh4 gxh4) 44. Kh3 {[%emt 0:00:17] White is more active.} Qe7 45. Bd6 Qd7 46. Qc5 (46. Kh2 $18) 46... g5 $1 $14 47. Be5 g4+ $1 48. Kg3 ({White should play} 48. Kh2 $16 {aiming for Qf8.} Kg8 49. Qc1) 48... h4+ $1 $11 {[%emt 0:02:45] The position is equal.} 49. Kxh4 {[%emt 0:00:23] White wants to mate with Qf8.} Qd8+ 50. Kg3 {[%emt 0:02:59] Hoping for Bd4.} gxf3 51. gxf3 Qg5+ 52. Kf2 {[%emt 0:00:25] And now Qc7+ would win.} Qd2+ 53. Kg3 {[%emt 0:00:10] Black defended with fortune.   Weighted Error Value: White=0.20 (precise) /Black=0.16 (very precise)} 1/2-1/2

[Event "Israeli Championship 2022"]
[Site "Yosiah Arad"]
[Date "2022.12.09"]
[Round "5.8"]
[White "Gorodetzky, David"]
[Black "Aizenberg, Benny"]
[Result "1-0"]
[ECO "D94"]
[WhiteElo "2495"]
[BlackElo "2375"]
[Annotator "TA"]
[PlyCount "95"]
[EventDate "2022.12.05"]
[EventType "swiss"]
[EventCountry "ISR"]
[SourceTitle "playchess.com"]
[Source "ChessBase"]
[SourceQuality "1"]
[TimeControl "40/5400+30:1800+30"]

1. d4 Nf6 2. c4 g6 3. Nc3 d5 4. e3 Bg7 5. cxd5 Nxd5 6. Bc4 Nb6 7. Bb3 O-O 8. Nf3 Nc6 9. O-O e5 10. d5 Na5 11. e4 {[%emt 0:00:07] D94: Grünfeld: 4 Nf3 Bg7 5 e3.} Nxb3 {[%emt 0:02:49] was the old line (11...Bg4).} ({Black should play} 11... Bg4 $11) 12. Qxb3 $14 c6 13. Bg5 {[%emt 0:05:58] White is slightly better.} Qe8 {[%emt 0:00:42] [#]} 14. Rfe1 $146 {[%emt 0:09:10] White has more active pieces. The black rooks are badly placed.} ({Predecessor:} 14. Be3 cxd5 15. exd5 Nd7 16. Nb5 Qd8 17. Nxa7 e4 18. Nd2 f5 19. Nxc8 Rxc8 20. f4 {1-0 (29) Rychtecky,M (2005)-Kavalir,J (1775) Czech Republic 2004}) 14... Bg4 15. Nd2 h6 16. Be3 Qd8 17. a4 cxd5 18. exd5 f5 (18... Nd7 $16 {is a better defense.}) 19. a5 $18 Nc8 20. Nc4 (20. Qxb7 Nd6 21. Qa6 Rf6 $16) 20... e4 21. Bf4 (21. Qxb7 $18 Nd6 22. Nxd6 Qxd6 23. Bxa7) 21... g5 {[%emt 0:15:04] [#]} (21... Bxc3 $16 {was called for.} 22. Qxc3 g5) 22. Be5 $1 ({Don't play} 22. Qxb7 $6 gxf4 23. Qxa8 Qg5 $16) 22... Qe7 (22... Bxe5 23. Nxe5 Nd6 24. Nxg4 fxg4 25. Nxe4 Nxe4) 23. d6 Qf7 {[%emt 0:00:54] ...Bxe5 is the strong threat.} 24. Bxg7 Kxg7 25. Qb5 Kg8 26. d7 Ne7 27. Ne5 {[%emt 0:02:09] Against a6} Qe6 28. Nxg4 fxg4 29. Nxe4 Nc6 30. Rad1 a6 31. Qb6 Qf5 32. Qxb7 Nxa5 33. Qc7 Rad8 34. b4 Nb3 35. Qc3 Qf7 36. Rd3 (36. Rd6 $142 Qg7 37. Qxb3+ Kh8 38. Nc5 h5 39. Qd3 h4 40. Rg6 Qf7 41. Qd4+ (41. Rxg5 $2 {leads to mate.} Qxf2+ 42. Kh1 Qxe1+) 41... Kh7 42. Rxg5) 36... Rxd7 37. Rxd7 Qxd7 38. Qxb3+ (38. Nf6+ $142 Rxf6 39. Qxf6) 38... Kg7 39. Qc3+ Kg6 40. Nc5 Qf5 41. Qe3 (41. Nxa6 $2 {gets mated.} Qxf2+ 42. Kh1 {[#]} Qf1+ $3 43. Rxf1 Rxf1#) 41... Kh5 42. Nxa6 Qd5 43. Nc5 Qc4 44. Nd3 {[%emt 0:00:00] White mates.} Rd8 45. Ne5 Qxb4 46. Nc6 Qb5 47. Nxd8 Kh4 48. h3 {[%emt 0:00:00] White took control after the opening.   Weighted Error Value: White=0.15 (very precise) /Black=0.97} 1-0

[Event "Israeli Championship 2022"]
[Site "Yosiah Arad"]
[Date "2022.12.09"]
[Round "5.9"]
[White "Iliaguev, Nisim"]
[Black "Zanan, Evgeny"]
[Result "0-1"]
[ECO "D02"]
[WhiteElo "2364"]
[BlackElo "2485"]
[Annotator "TA"]
[PlyCount "68"]
[EventDate "2022.12.05"]
[EventType "swiss"]
[EventCountry "ISR"]
[SourceTitle "playchess.com"]
[Source "ChessBase"]
[SourceQuality "1"]
[TimeControl "40/5400+30:1800+30"]

1. g3 d5 2. Bg2 g6 3. Nf3 Bg7 4. d4 Nd7 5. O-O Ngf6 6. Ne5 {[%emt 0:03:04] D02: 1 d4 d5 2 Nf3 sidelines, including 2...Nf6 3 g3 and 2...Nf6 3 Bf4.} c6 7. c4 Ne4 {[%emt 0:06:07] [#]} 8. Nxd7 $146 {[%emt 0:06:37] White has an edge.} ({Predecessor:} 8. cxd5 cxd5 9. Qb3 Nxe5 10. dxe5 O-O 11. Be3 Be6 12. Bd4 Qc7 13. f3 Nc5 14. Qe3 {0-1 (76) Bologan,V (2678)-Smirin,I (2661) Paks 2011}) 8... Bxd7 9. cxd5 cxd5 10. Nc3 Nxc3 11. bxc3 Bc6 12. h4 O-O 13. Qb3 e6 14. Bd2 Qd7 15. a4 b5 16. a5 a6 17. Bf3 h6 18. Rfe1 Rac8 19. h5 (19. Bc1 $15) 19... g5 $17 20. e4 (20. Bc1 $17) 20... dxe4 $19 21. Bxe4 Bxe4 22. Rxe4 Rc4 23. Rae1 e5 24. Bc1 {[%emt 0:03:15] [#]} (24. Qb1 $17) 24... exd4 ({Better is} 24... f5 $1 $19 25. Rxe5 Bxe5 26. dxe5 Qe6) 25. cxd4 $17 Bxd4 26. Be3 {[%emt 0:11:53] aiming for Rd1.} Bxe3 (26... Re8 $142 27. Bxd4 Rxe4 28. Rxe4 Rxd4) 27. R4xe3 Qd2 (27... Rd8 $17 28. Re7 Qc6) 28. Qa3 ({White should play} 28. Rd1 $15 Rc1 29. Rd3 Rxd1+ 30. Qxd1 Qxd1+ 31. Rxd1) 28... Rc2 $19 29. Rf1 b4 (29... Rd8 $19 {White must now prevent ...b4.} 30. Qe7 Qd6) 30. Qa1 $2 {[%emt 0:05:51] [#]} (30. Qb3 $15) 30... Rc3 $1 31. Rd1 (31. Qe1 {was called for.} Qd4 32. Qe2) 31... Qc2 {[%emt 0:00:20] Threatens to win with ...Rxe3.} 32. Rxc3 (32. Qb1 Qxb1 33. Rxb1 Rxe3 34. fxe3) 32... bxc3 ({Not} 32... Qxc3 33. Qb1 $17) 33. Rd6 Rb8 {[%emt 0:00:45] ( -> ...Rb1+)} 34. Rb6 {[%emt 0:00:34] Prevents Rb1+.} Rd8 {[%emt 0:01:31] Weighted Error Value: White=0.84/Black=0.18 (very precise)} (34... Rxb6 $142 35. axb6 Qb2 36. Qe1 c2 37. b7 Qxb7 38. Qe8+ Kh7 39. Qe1 Qb1 40. Kf1 Qxe1+ 41. Kxe1 c1=Q+ 42. Ke2 a5 43. Kf3 a4 44. Ke4 a3 45. f4 a2 46. fxg5 hxg5 47. g4 Qc4+ 48. Ke5 a1=Q+ 49. Kd6 Qf6+ 50. Kd7 Qcc6#) 0-1